 Dungeon Crawl Stone Soup version 0.29.0-4-gdea44cf6ec (webtiles) character file.

Game seed: 15169783765387146328

103 qw the Sneak (level 4, 0/28 HPs)
             Began as a Gargoyle Delver on Sept 10, 2022.
             Slain by Grinder (1 damage)
             ... on level 3 of the Dungeon.
             The game lasted 00:01:03 (2711 turns).

qw the Sneak (Gargoyle Delver)                      Turns: 2711, Time: 00:01:03

Health: 0/28       AC:  6    Str: 17    XL:     4   Next: 79%
Magic:  4/4        EV: 14    Int: 11    God:
Gold:   141        SH:  0    Dex: 11    Spells: 3/3 levels left

rFire   . . .      SeeInvis .   Y - +0 broad axe
rCold   . . .      Faith    .   (no shield)
rNeg    + . .      Spirit   .   i - +0 ring mail
rPois   inf        Reflect  .   (no helmet)
rElec   +          Harm     .   (no cloak)
rCorr   .          Rampage  .   (no gloves)
Will    .....                   (no boots)
Stlth   ++........              (no amulet)
HPRegen 0.09/turn               a - +4 ring of evasion
MPRegen 0.09/turn               (no ring)

@: no status effects
A: sickness immunity, AC +3, negative energy resistance 1, electricity
resistance, torment resistance 1, petrification resistance, fangs 1, deformed
body
a: no special abilities


You were on level 3 of the Dungeon.
You visited 1 branch of the dungeon, and saw 5 of its levels.

You collected 141 gold pieces.


Innate Abilities, Weirdness & Mutations

You are immune to sickness and miasma.
Your stone body is resilient. (AC +3)
You are immune to poison.
You resist negative energy. (rN+)
You are resistant to electric shocks. (rElec)
You are resistant to unholy torment.
You are immune to petrification.
You have very sharp teeth.
Armour fits poorly on your strangely shaped body.


   Skills:
 - Level 3.2 Fighting
 + Level 4.2 Axes
 - Level 1.0 Armour
 - Level 1.5 Dodging
 - Level 5.4 Stealth


You had 3 spell levels left.
You didn't know any spells.
Your spell library was empty.

Inventory:

Hand Weapons
 h - a +0 flail
 Y - a +0 broad axe (weapon)
Armour
 i - a +0 ring mail (worn)
Jewellery
 a - a +4 ring of evasion (left hand)
Wands
 g - a wand of digging (3)
Scrolls
 b - a scroll of identify
Potions
 c - a potion of cancellation {unknown}
 d - a potion of curing {unknown}
 e - a potion of flight {unknown}
 f - a potion of haste

Dungeon Overview and Level Annotations

Branches:
Dungeon (5/15)
 Temple: D:4-7

Altars:

Annotations:
D:3 Grinder


Message History

The giant cockroach misses you.
You slash the giant cockroach!
You kill the giant cockroach!
Grinder shouts!
You see here a +0 club.
Grinder hits you.
You writhe in agony.
You hit Grinder.
Grinder is lightly wounded.
Grinder gestures at you.
You suddenly lose the ability to move!
Grinder hits you but does no damage. Grinder hits you.
You writhe in agony.
Grinder blinks!
Grinder blinks!
You can move again.
You start resting.
Grinder is nearby!
Grinder blinks!
Grinder gestures at you. Pain shoots through your body!
You barely miss Grinder. Grinder barely misses you.
You barely miss Grinder. Grinder gestures at you.
Pain shoots through your body! Grinder gestures at you.
You barely resist. You closely miss Grinder. Grinder gestures at you.
You suddenly lose the ability to move!
Grinder hits you. x3
Grinder hits you but does no damage.
You can move again.
You hit Grinder.
Grinder is lightly wounded.
Grinder misses you.
You closely miss Grinder.
Grinder is lightly wounded.
Grinder says, "At least Makhleb appreciates what I'm doing."
Grinder hits you.
You die...

### #.. #.# #
#.#######.###########
#....................
.######...................#
..........@5..#.#########.#
.######)#####.# #.#
.#####%..# #.# .......#.#
#.# .#####.).# #>.
##.#####.#g #.. ##?........
#.. #####..%####.### #..
.......#........# #..


You could see Grinder.

Vanquished Creatures
  4 adders
  A gnoll (D:1)
  2 dart slugs (D:2)
  A worm (D:2)
  An orc (D:3)
  3 bats
  2 endoplasms
  2 giant cockroaches
  4 goblins
  4 hobgoblins
  3 jackals (D:1)
  2 quokkas (D:2)
  7 ball pythons
  3 frilled lizards
  3 kobolds
  9 rats
51 creatures vanquished.

Vanquished Creatures (others)
  2 plants (D:1)
2 creatures vanquished.

Grand Total: 53 creatures vanquished

Notes
Turn   | Place    | Note
-------+----------+-------------------------------------------
     0 | D:5      | qw the Gargoyle Delver began the quest for the Orb.
     0 | D:5      | Reached XP level 1. HP: 14/14 MP: 1/1
     0 | D:5      | 0 ||| qw: Version: 0.1-a-116-g5d60599
     0 | D:5      | 0 ||| qw: Game counter: 8289
     0 | D:5      | 0 ||| qw: Always use a shield: true
     0 | D:5      | 0 ||| qw: God list: Okawaru
     0 | D:5      | 0 ||| qw: Allow faded altars: false
     0 | D:5      | 0 ||| qw: Do Orc after D:15 true
     0 | D:5      | 0 ||| qw: Do second Lair branch before Depths: true
     0 | D:5      | 0 ||| qw: Lair rune preference: random
     0 | D:5      | 0 ||| qw: Plans: Normal
     0 | D:5      | 0 ||| PLANNING D:1-11
    33 | D:5      | 33 ||| DROPPING scroll of fog.
    34 | D:5      | 34 ||| DROPPING scroll of magic mapping.
    35 | D:5      | 35 ||| DROPPING scroll of fear.
    47 | D:5      | Reached XP level 2. HP: 13/19 MP: 2/2
   191 | D:2      | 191 ||| Stepping ~*~*~tactically~*~*~ (stealth).
   206 | D:2      | Reached skill level 3 in Axes
   241 | D:2      | Reached XP level 3. HP: 20/23 MP: 3/3
   428 | D:1      | 428 ||| Stepping ~*~*~tactically~*~*~ (stealth).
   777 | D:1      | Reached XP level 4. HP: 28/28 MP: 4/4
  1398 | D:1      | 1398 ||| UPGRADING to +0 ring mail.
  1408 | D:1      | 1408 ||| DROPPING +0 leather armour.
  1409 | D:1      | 1409 ||| READING scroll labelled DUSOIVUECH.
  1410 | D:1      | 1410 ||| READING scroll labelled WANUES LEGGO.
  1411 | D:1      | 1411 ||| DRINKING 2 fizzy silvery potions.
  1411 | D:1      | Gained mutation: You are occasionally teleported next to
                  | monsters. [potion of mutation]
  1411 | D:1      | Gained mutation: You have very sharp teeth. [potion of
                  | mutation]
  1411 | D:1      | Gained mutation: Your spells are a little harder to cast,
                  | but a little more powerful. [potion of mutation]
  1422 | D:1      | 1422 ||| DRINKING potion of mutation.
  1422 | D:1      | Lost mutation: You have very sharp teeth. [potion of
                  | mutation]
  1422 | D:1      | Lost mutation: You are occasionally teleported next to
                  | monsters. [potion of mutation]
  1422 | D:1      | Lost mutation: Your spells are a little harder to cast, but
                  | a little more powerful. [potion of mutation]
  1422 | D:1      | Gained mutation: You possess an exceptional clarity of
                  | mind. [potion of mutation]
  1422 | D:1      | Gained mutation: You have hidden genetic defects. [potion
                  | of mutation]
  1422 | D:1      | Gained mutation: You have very sharp teeth. [potion of
                  | mutation]
  1705 | D:2      | 1705 ||| Stepping ~*~*~tactically~*~*~ (stealth).
  1707 | D:2      | 1707 ||| Stepping ~*~*~tactically~*~*~ (stealth).
  1709 | D:2      | 1709 ||| Stepping ~*~*~tactically~*~*~ (stealth).
  1711 | D:2      | 1711 ||| Stepping ~*~*~tactically~*~*~ (stealth).
  1887 | D:2      | 1887 ||| SWAPPING to +0 broad axe.
  1888 | D:2      | 1888 ||| DROPPING +0 hand axe.
  2012 | D:2      | Gained mutation: Armour fits poorly on your strangely
                  | shaped body. [hidden defects]
  2142 | D:2      | Reached skill level 1 in Armour
  2291 | D:2      | 2291 ||| Stepping ~*~*~tactically~*~*~ (stealth).
  2294 | D:2      | 2294 ||| Stepping ~*~*~tactically~*~*~ (stealth).
  2295 | D:2      | 2295 ||| Stepping ~*~*~tactically~*~*~ (stealth).
  2386 | D:2      | 2386 ||| UPGRADING to +4 ring of evasion.
  2387 | D:2      | 2387 ||| READING scroll labelled WEMEOS WEQATUS.
  2514 | D:3      | Lost mutation: You possess an exceptional clarity of mind.
                  | [hidden defects]
  2514 | D:3      | Lost mutation: You have hidden genetic defects. [hidden
                  | defects expressed]
  2657 | D:3      | 2657 ||| Stepping ~*~*~tactically~*~*~ (stealth).
  2659 | D:3      | 2659 ||| Stepping ~*~*~tactically~*~*~ (stealth).
  2682 | D:3      | 2682 ||| Stepping ~*~*~tactically~*~*~ (stealth).
  2684 | D:3      | Noticed Grinder
  2692 | D:3      | Paralysed by Grinder for 5 turns
  2705 | D:3      | Paralysed by Grinder for 5 turns
  2707 | D:3      | HP: 7/28 [Grinder (6)]
  2708 | D:3      | HP: 1/28 [Grinder (6)]
  2711 | D:3      | Slain by Grinder

Levels and vault maps discovered:
D:1:      dpeg_arrival_ratfight, layout_basic,
          shapermc_ecumenical_altar_mp_urbaneastern, nrook_campfire
D:2:      layout_loops_ring
D:3:      layout_loops_ring, lemuel_crystal_altar,
          hangedman_abyss_or_decor_stabs, uniq_jessica, uniq_natasha,
          uniq_grinder, uniq_terence
D:4:      layout_basic, minmay_fractal_squares_diagonal_5
D:5:      layout_basic, nicolae_hepliaklqana_hazy_memory, serial_shops, shop

Skill      XL: |  1  2  3  4 |
---------------+-------------+-----
Axes           | 2 3 4 |  4.2
Armour         | 1 |  1.0
Fighting       | |  3.2
Dodging        | |  1.5
Stealth        | |  5.4

Action                   |  1- 3 |  4- 6 || total
-------------------------+-------+-------++-------
Melee: Hand axe          |    79 |    35 ||   114
       Broad axe         |       |    58 ||    58
       Punch             |       |     1 ||     1
       Bite              |       |     1 ||     1
  Use: Scroll            |       |     3 ||     3
       Potion            |       |     2 ||     2
 Stab: Sleeping          |     2 |       ||     2
Armor: Leather armour    |    26 |     3 ||    29
       Ring mail         |       |    26 ||    26
Dodge: Dodged            |    43 |    63 ||   106

Table legend:
 A = Non-vault XP
 B = Vault XP
 C = Vault XP percentage of total XP
 D = Non-vault monster count
 E = Vault monster count
 F = Vault count percentage of total count
                 A         B        C        D         E       F
            +---------+---------+-------+---------+---------+-------
      Total |     143 |       5 |   3.4 |      46 |       5 |   9.8
            +---------+---------+-------+---------+---------+-------
        D:1 |      36 |       5 |  12.2 |      14 |       5 |  26.3
        D:2 |      65 |       0 |   0.0 |      21 |       0 |   0.0
        D:3 |      25 |       0 |   0.0 |       8 |       0 |   0.0
        D:4 |       3 |       0 |   0.0 |       2 |       0 |   0.0
        D:5 |      14 |       0 |   0.0 |       1 |       0 |   0.0
            +---------+---------+-------+---------+---------+-------
